 Dungeon Crawl Stone Soup version 0.26-a0-639-g72c4674329 (webtiles) character file.

Game seed: 16354720464341218888

6303 Flugslaktarn the Cleaver (level 10, -4/98 HPs)
             Began as a Deep Dwarf Fighter on Sept 24, 2020.
             Was a Believer of Makhleb.
             Slain by an iron troll (7 damage)
             ... on level 10 of the Dungeon.
             The game lasted 00:04:16 (5385 turns).

Flugslaktarn the Cleaver (Deep Dwarf Fighter)       Turns: 5385, Time: 00:04:16

Health: -4/98      AC: 21    Str: 23    XL:     10   Next: 63%
Magic:  6/6        EV:  5    Int:  9    God:    Makhleb [**....]
Gold:   136        SH: 11    Dex: 12    Spells: 9/9 levels left

rFire    . . .     SeeInvis .   o - +3 broad axe (vamp)
rCold    . . .     Faith    .   c - +0 kite shield
rNeg     . . .     Spirit   .   u - +0 plate armour
rPois    .         Reflect  .   i - +1 helmet
rElec    .         Harm     .   w - +0 cloak
rCorr    +         Rampage  .   n - +0 pair of gloves
MR       +....                  l - +2 pair of boots
Stlth    ..........             (no amulet)
HPRegen  0.00/turn              k - ring of resist corrosion
MPRegen  0.10/turn              s - ring of flight

@: non-regenerating
A: damage resistance, heal wounds, sense surroundings 2, no regeneration
a: Heal Wounds, Minor Destruction, Renounce Religion, Evoke Flight


You were on level 10 of the Dungeon.
You worshipped Makhleb.
Makhleb was pleased with you.
You visited 2 branches of the dungeon, and saw 11 of its levels.

You collected 426 gold pieces.
You spent 290 gold pieces at shops.

Inventory:

Hand Weapons
 o - a +3 vampiric broad axe (weapon)
   (You bought it in a shop on level 8 of the Dungeon)
Armour
 c - a +0 kite shield (worn)
 i - a +1 helmet (worn)
   (You took it off Robin on level 2 of the Dungeon)
 l - a +2 pair of boots (worn)
   (You found it on level 1 of the Dungeon)
 n - a +0 pair of gloves (worn)
   (You found it on level 8 of the Dungeon)
 u - a +0 plate armour (worn)
   (You took it off an orc warrior on level 6 of the Dungeon)
 w - a +0 cloak (worn)
   (You took it off Maurice on level 9 of the Dungeon)
Jewellery
 k - a ring of resist corrosion (left hand)
   (You found it on level 2 of the Dungeon)
 s - a ring of flight (right hand)
   (You found it on level 6 of the Dungeon)
Wands
 b - a wand of iceblast (7)
   (You found it on level 7 of the Dungeon)
 g - a wand of acid (9)
   (You found it on level 7 of the Dungeon)
 v - a wand of paralysis (6)
   (You took it off Maurice on level 9 of the Dungeon)
Scrolls
 p - 2 scrolls of enchant weapon {unknown}
 r - 2 scrolls of identify
 t - 2 scrolls of magic mapping
 x - 6 scrolls of remove curse
Potions
 a - a potion of flight {unknown}
 d - a potion of might
 e - 3 potions of cancellation
 f - a potion of mutation
 h - 2 potions of haste
 j - a potion of lignification
 m - a potion of berserk rage
 q - 4 potions of curing
 z - a potion of degeneration {unknown}


   Skills:
 * Level 8.8 Fighting
 * Level 10.0 Axes
 + Level 7.8 Armour
 + Level 7.7 Shields
 + Level 5.8 Invocations


You had 9 spell levels left.
You didn't know any spells.
Your spell library was empty.

Dungeon Overview and Level Annotations

Branches:
Dungeon (10/15)            Temple (1/1) D:6            Lair (0/6) D:9
    Orc: D:9-12

Altars:
Ashenzari
Dithmenos
Elyvilon
Fedhas
Gozag
Hepliaklqana
Kikubaaqudgha
Makhleb
Nemelex Xobeh
Okawaru
Qazlal
Ru
Sif Muna
Trog
Uskayaw
Vehumet
Wu Jian
Yredelemnul
Zin

Shops:
D:8 (

Annotations:
D:8 3 runed translucent doors, kae's ghost, novice HOFi


Innate Abilities, Weirdness & Mutations

You are resistant to damage.
You can heal yourself by infusing magical energy.
You passively map the area around you.
You do not regenerate.


Message History

The iron troll bites you but does no damage.
The iron troll claws you. You block the iron troll's attack.
The deep troll bites you! The deep troll claws you!
You block the deep troll's attack. The bullfrog zombie hits you.
* * * LOW HITPOINT WARNING * * *
The deep troll bites you!
* * * LOW HITPOINT WARNING * * *
The deep troll claws you!
* * * LOW HITPOINT WARNING * * *
The deep troll claws you.
* * * LOW HITPOINT WARNING * * *
You are too injured to fight recklessly!
The deep troll bites you.
* * * LOW HITPOINT WARNING * * *
The deep troll claws you but does no damage.
You block the deep troll's attack.
The iron troll bites you but does no damage.
The iron troll claws you but does no damage.
The iron troll claws you!
You die...

# ≈≈≈≈≈≈≈≈≈≈≈≈# ,#≈.≈# ≈≈≈≈
≈≈≈≈≈≈≈≈≈≈≈#, +oo.+ #≈≈≈≈ ###
≈≈≈≈≈≈≈≈≈≈≈#####≈.≈#,,,#≈≈≈≈
##.#
#≈≈≈≈≈≈≈≈≈≈≈≈≈≈≈≈T≈#####≈≈≈≈
#..# *
*#..≈≈≈≈≈≈≈≈≈≈≈T≈≈≈≈≈≈≈≈≈≈ '..#
#............T........... #..#
#.......TT......../....). ##.#
#.......ZTT......))......
########.......@T.......).......
#...######.##.####.###)##.###.
##'## #....# #.# #.##.# #. #.#
#.#### #.# #.##.# #. #.# #.# #.#
#.##.# #. ##.#######.#######.#
#.##.###. ##..........?.......#
#........ #.....######.##.#####
####.#### ##....##...#.##.#
#.####


You could see an iron troll, 3 deep trolls, 4 trolls, an orc wizard, an orc and
a bullfrog zombie.

Vanquished Creatures
  Pikel (D:7)
  An elephant (D:9)
  Maurice (D:9)
  Maggie (D:9)
  3 hippogriffs
  2 yaks (D:10)
  Edmund (D:5)
  A black bear (D:8)
  A sky beast (D:8)
  4 orc warriors
  2 ice beasts
  4 ogres
  2 phantoms (D:8)
  A necrophage (D:6)
  2 crocodiles (D:9)
  3 centaurs
  5 bullfrogs
  A scorpion (D:5)
  3 killer bees (D:8)
  3 howler monkeys
  4 wights (D:7)
  An electric eel (D:10)
  A centaur zombie (D:8)
  7 hounds
  2 bullfrog skeletons
  A gnoll shaman (D:7)
  3 jellies
  2 orc priests
  5 orc wizards
  2 centaur skeletons
  Jessica (D:2)
  5 iguanas
  8 worker ants
  A hound skeleton (D:8)
  A hound zombie (D:6)
  A howler monkey zombie (D:5)
  A worker ant zombie (D:5)
  Robin (D:2)
  9 gnolls
  7 adders
  A howler monkey skeleton (D:9)
  4 shadow imps
  4 white imps
  An ufetubus (D:6)
  2 adder zombies
  2 worms
  2 dart slugs
  9 leopard geckos
  28 orcs
  3 ball pythons
  4 bats
  3 giant cockroaches
  11 goblins
  4 hobgoblins (D:2)
  10 jackals
  8 quokkas
  4 frilled lizards
  A jackal skeleton (D:6)
  A kobold (D:2)
  A leopard gecko zombie (D:7)
  A quokka zombie (D:7)
209 creatures vanquished.

Notes
Turn   | Place    | Note
-------+----------+-------------------------------------------
     0 | D:1      | Flugslaktarn the Deep Dwarf Fighter began the quest for the
                  | Orb.
     0 | D:1      | Reached XP level 1. HP: 20/20 MP: 1/1
    63 | D:1      | Reached XP level 2. HP: 22/28 MP: 2/2
   147 | D:2      | Noticed Robin
   154 | D:2      | Reached XP level 3. HP: 29/34 MP: 3/3
   158 | D:2      | Killed Robin
   161 | D:2      | Reached skill level 3 in Axes
   249 | D:2      | Noticed Jessica
   261 | D:2      | Killed Jessica
   261 | D:2      | Reached XP level 4. HP: 16/42 MP: 4/4
   402 | D:3      | Noticed a centaur
   410 | D:3      | Killed a centaur
   410 | D:3      | Reached XP level 5. HP: 50/50 MP: 5/5
   493 | D:4      | Reached skill level 4 in Axes
   528 | D:4      | Noticed an ogre
   549 | D:4      | Killed an ogre
   549 | D:4      | Reached XP level 6. HP: 21/57 MP: 5/5
   638 | D:4      | Noticed an orc warrior
   652 | D:4      | Killed an orc warrior
   652 | D:4      | Reached skill level 5 in Axes
   652 | D:4      | Reached XP level 7. HP: 41/66 MP: 5/5
   952 | D:5      | Entered Level 5 of the Dungeon
   952 | D:5      | Found an opulent altar of Gozag.
   952 | D:5      | Found an ancient bone altar of Kikubaaqudgha.
   952 | D:5      | Found a shadowy altar of Dithmenos.
   960 | D:5      | Reached skill level 5 in Fighting
   979 | D:5      | Reached skill level 5 in Armour
  1027 | D:5      | Found a white marble altar of Elyvilon.
  1172 | D:5      | Found a shattered altar of Ashenzari.
  1289 | D:5      | Noticed Edmund
  1301 | D:5      | Killed Edmund
  1301 | D:5      | Reached skill level 5 in Shields
  1563 | D:6      | Reached skill level 6 in Axes
  1614 | D:6      | Reached XP level 8. HP: 39/75 MP: 4/4
  1719 | D:6      | Found a staircase to the Ecumenical Temple.
  1792 | D:6      | Reached skill level 7 in Axes
  1811 | Temple   | Entered the Ecumenical Temple
  1923 | Temple   | Became a worshipper of Makhleb the Destroyer
  2020 | D:6      | Found a hide-covered altar of Uskayaw.
  2164 | D:6      | Reached skill level 1 in Invocations
  2384 | D:7      | Noticed a hippogriff
  2393 | D:7      | Killed a hippogriff
  2472 | D:7      | Gained mutation: You passively map the area around you.
                  | [Deep Dwarf growth]
  2472 | D:7      | Reached XP level 9. HP: 41/85 MP: 3/3
  2582 | D:7      | Found a stormy altar of Qazlal.
  3027 | D:7      | Noticed Pikel
  3051 | D:7      | Killed Pikel
  3051 | D:7      | Reached skill level 8 in Axes
  3094 | D:7      | Reached * piety under Makhleb
  3370 | D:8      | Found a runed translucent gate.
  3370 | D:8      | Found a runed translucent gate.
  3371 | D:8      | Found a runed translucent gate.
  3401 | D:8      | Noticed kae's ghost (novice HOFi)
  3489 | D:8      | Found Fenounei's Weapon Shop.
  3507 | D:8      | Bought a +3 vampiric broad axe for 290 gold pieces
  3931 | D:8      | Found a sparkling altar of Nemelex Xobeh.
  4301 | D:9      | Reached skill level 9 in Axes
  4333 | D:9      | Noticed Maggie
  4347 | D:9      | Killed Maggie
  4347 | D:9      | Reached XP level 10. HP: 96/96 MP: 5/5
  4538 | D:9      | Noticed Maurice
  4692 | D:9      | Found a staircase to the Lair.
  4692 | D:9      | Noticed an elephant
  4705 | D:9      | Killed an elephant
  4705 | D:9      | Reached ** piety under Makhleb
  4705 | D:9      | Reached skill level 5 in Invocations
  4802 | D:9      | Killed Maurice
  5107 | D:10     | Entered Level 10 of the Dungeon
  5369 | D:10     | Noticed a deep troll
  5370 | D:10     | Noticed an iron troll
  5373 | D:10     | Noticed a deep troll
  5375 | D:10     | Noticed a deep troll
  5380 | D:10     | Reached skill level 10 in Axes
  5385 | D:10     | HP: 3/98 [deep troll (3)]
  5385 | D:10     | Slain by an iron troll

Illustrated notes

Levels and vault maps discovered:
D:1:      ncdulo_smallfort, layout_loops_ring, minmay_misc_feat_rows,
          minmay_quantized
D:2:      minmay_chambers_of_twos, layout_rooms, uniq_jessica, uniq_robin
D:3:      layout_basic, uniq_crazy_yiuf_cottage, uniq_grinder
D:4:      layout_rooms
D:5:      layout_rooms, nicolae_ashenzari_panopticon, elyvilon_altar_5,
          chequers_temple_overflow_statue_of_worship, minmay_misc_feat_five,
          uniq_edmund
D:6:      layout_basic, minmay_temple_entry_grid, basic_altar, item_on_display_a
D:7:      layout_gridville, nicolae_qazlal_general_emergency,
          roderic_roman_lattice, uniq_pikel
D:8:      layout_basic, serial_shops, shop, ebering_ghost_rock_garden,
          nemelex_altar_shiori
D:9:      layout_roguey, david_lair_generic, uniq_maurice, uniq_maggie
D:10:     lemuel_troll_bridge, layout_loops_corners
Temple:   regret_index_temple_sphere_string

Skill      XL: |  1  2  3  4  5  6  7  8  9 10 |
---------------+-------------------------------+-----
Fighting       | 3 4 5 6 8 |  8.8
Axes           | 3 4 5 6 7 9 10 | 10.0
Armour         | 4 5 6 7 |  7.8
Shields        | 4 5 6 7 |  7.7
Invocations    | 2 4 5 |  5.8

Action                   |  1- 3 |  4- 6 |  7- 9 | 10-12 || total
-------------------------+-------+-------+-------+-------++-------
Melee: War axe           |    52 |   107 |   414 |       ||   573
       Broad axe         |       |       |    68 |   116 ||   184
 Abil: Heal Wounds       |     1 |     5 |    14 |       ||    20
Evoke: Wand              |       |       |       |     3 ||     3
  Use: Potion            |       |     1 |       |       ||     1
       Scroll            |       |       |    13 |       ||    13
Armor: Scale mail        |    41 |    44 |    12 |       ||    97
       Chain mail        |       |       |    65 |       ||    65
       Plate armour      |       |       |   200 |    95 ||   295
Dodge: Dodged            |    22 |    36 |   116 |    35 ||   209
Block: Kite shield       |    36 |    61 |   282 |    70 ||   449

Table legend: (Time is in decaauts)
 A = Elapsed time spent in this place.
 B = Non-inter-level travel time spent in this place.
 C = Inter-level travel time spent in this place.
 D = Time resting spent in this place.
 E = Time spent auto-exploring this place.
 F = Levels seen in this place.
 G = Mean time per level.
                   A        B        C        D        E       F      G
               +--------+--------+--------+--------+--------+-----+--------+
         Total |   5567 |   5306 |    261 |      0 |   3730 |  11 |  506.1 |
       Dungeon |   5429 |   5222 |    207 |      0 |   3651 |  10 |  542.9 |
        Temple |    137 |     83 |     54 |      0 |     79 |   1 |  137.0 |
               +--------+--------+--------+--------+--------+-----+--------+

Top non-repeatable levels by time:
     D:8: 1052 daAuts
     D:7: 929 daAuts
     D:9: 854 daAuts
     D:6: 738 daAuts
     D:5: 559 daAuts
     D:4: 496 daAuts
    D:10: 283 daAuts
     D:2: 248 daAuts
     D:1: 141 daAuts
  Temple: 137 daAuts
     D:3: 126 daAuts
